 Dungeon Crawl Stone Soup version bcrawl-1.12-10-g10a67aac0f (webtiles) character file.

Game seed: 3650577216060655255

2622 Morbidden the Cutter (level 9, -1/45 HPs)
             Began as a Vine Stalker Archaeologist on June 12, 2019.
             Was a Believer of Uskayaw.
             Killed by divine providence
             ... invoked by an orc priest
              (9 damage)
             ... on level 7 of the Dungeon.
             The game lasted 00:24:05 (5222 turns).

Morbidden the Cutter (Vine Stalker Archaeologist)   Turns: 5222, Time: 00:24:05

Health: -1/45      AC: 18    Str: 18    XL:     9   Next: 60%
Magic:  0/16       EV:  7    Int:  9    God:    Uskayaw [**....]
Gold:   510        SH:  0    Dex: 19    Spells: 16/16 levels left

rFire    + . .     SeeInvis .   m - +2 dagger (speed)
rCold    . . .     Gourm    .   (no shield)
rNeg     . . .     Faith    .   N - +0 plate armour
rPois    .         Spirit   +   b - +1 hat
rElec    .         Reflect  .   (no cloak)
rCorr    .         Harm     .   d - +1 pair of gloves
MR       +....                  c - +1 pair of boots
Stlth    ..........             (no amulet)
HPRegen  0.55/turn              D - +1 ring of protection
MPRegen  0.15/turn              w - ring of Alud {+Fly rF+ Int-5 Dex+7 Slay+3}

@: studying Long Blades
A: fangs 3, regeneration 1, magic shield, antimagic bite, no potion heal 3, rot
immunity
a: Stomp, Line Pass, Renounce Religion, Evoke Flight


You were on level 7 of the Dungeon.
You worshipped Uskayaw.
Uskayaw was noncommittal.
You were very hungry.

You visited 2 branches of the dungeon, and saw 8 of its levels.
You also visited: Sewer.

You collected 510 gold pieces.

Inventory:

Hand Weapons
 m - a +2 dagger of speed (weapon)
 o - a +1 vampiric short sword
 F - a +1 short sword of venom
Missiles
 u - 124 javelins (quivered)
 G - 74 silver javelins
 J - a throwing net {!f}
Armour
 b - a +1 hat (worn)
 c - a +1 pair of boots (worn)
 d - a +1 pair of gloves (worn)
 N - a +0 plate armour (worn)
Jewellery
 n - an uncursed ring of resist corrosion
 q - an uncursed ring of see invisible
 w - the ring of Alud (right hand) {+Fly rF+ Int-5 Dex+7 Slay+3}
   (You found it on level 4 of the Dungeon)

   [ring of slaying]

   It affects your intelligence (-5).
   It affects your dexterity (+7).
   It affects your accuracy and damage with ranged weapons and melee attacks
   (+3).
   It protects you from fire.
   It lets you fly.
 D - a +1 ring of protection (left hand)
Wands
 p - a wand of random effects (12)
Scrolls
 i - a scroll of identify
 r - 2 scrolls of amnesia
 s - 2 scrolls of enchant weapon
 y - 3 scrolls of magic mapping
 A - 2 scrolls of teleportation {unknown}
 E - 2 scrolls of remove curse
 I - a scroll of enchant armour {unknown}
 K - 2 scrolls of blinking {unknown}
Potions
 a - a potion of agility {unknown}
 h - a potion of degeneration {unknown}
 j - a potion of ambrosia {unknown}
 k - a potion of invisibility {unknown}
 l - 2 potions of magic
 t - a potion of resistance {unknown}
 v - a potion of flight {unknown}
 x - 3 potions of mutation
 z - a potion of berserk rage {unknown}
 B - 2 potions of might {unknown}
 C - 2 potions of curing {unknown}
 H - a potion of heal wounds {unknown}
 M - a potion of cancellation {unknown}
Books
 e - a manual of Long Blades
Miscellaneous
 f - an ancient crate
Comestibles
 g - 8 rations {!d}


   Skills:
 * Level 4.2 Fighting
 * Level 6.7(7.5) Short Blades
 * Level 4.7(6.4) Long Blades
 + Level 3.7 Armour
 + Level 3.4 Dodging
 + Level 5.7 Stealth
 * Level 4.1 Spellcasting
 * Level 2.4 Invocations


You had 16 spell levels left.
You didn't know any spells.
Your spell library contained the following spells:

 Spells                   Type           Power        Failure   Level  Hunger
 Magic Dart               Conj           #...         100%        1    #......
 Slow                     Hex            #.......     100%        1    #......
 Blink                    Tloc           N/A          100%        2    ###....
 Call Imp                 Summ           #.......     100%        2    ###....
 Conjure Flame            Conj/Fire      #.......     100%        3    ###....
 Mephitic Cloud           Conj/Pois/Air  #.......     100%        3    ###....


Dungeon Overview and Level Annotations

Branches:
Dungeon (7/12)             Temple (1/1) D:5
   Lair: D:7-10

Altars:
Ashenzari
Cheibriados
Dithmenos
Elyvilon
Fedhas
Hepliaklqana
Makhleb
Nemelex Xobeh
Okawaru
Qazlal
Ru
Sif Muna
Trog
Uskayaw
Xom
Yredelemnul
Zin
The Shining One

Shops:
D:6 %


Innate Abilities, Weirdness & Mutations

You have razor-sharp teeth.
Your natural rate of healing is unusually fast.
When hurt, damage is shared between your health and your magic reserves.
Your bite disrupts and absorbs the magic of your enemies.
Potions cannot restore your health.
You are immune to rotting.


Message History

You stomp with the beat, sending a shockwave through the revelers around you!
The warg is moderately wounded.
You feel somewhat more hungry. The warg bites you but does no damage.
Unknown command.
You don't have enough magic at the moment.
Unknown command.
Unknown command.
Unknown command.
Okay, then.
You stomp with the beat, sending a shockwave through the revelers around you!
The warg is severely wounded.
The orc priest is severely wounded.
You are feeling very hungry.
The warg is no longer sharing its pain.
The warg bites you!
* * * LOW HITPOINT WARNING * * *
The orc wizard gestures wildly while chanting.
The orc wizard flickers and vanishes!
Deactivating autopickup; reactivate with Ctrl-A.
The orc priest mumbles some strange prayers to Beogh against you.
Beogh smites you!
You die...

......P.. .. .........
... ........
...####.....###
...{..#........
#.#.......!.... ..##
#.#.<.o......... ....##
.......@h....... ......
##.......#...... .......
##......##.............
# #...)..#..............
..#.##.................#
.......)†)..........#.##
.........#.##.#.##......
...##....##.#+##........
.....##..##.....#...#...


You could see a warg and an orc priest.

Vanquished Creatures
  A hippogriff (D:6)
  Eustachio (D:4)
  Menkaure (D:7)
  Edmund (D:6)
  An orc warrior (D:7)
  A sky beast (D:6)
  A black bear (D:6)
  A phantom (D:6)
  2 ogres (D:5)
  A centaur (D:6)
  3 big kobolds (D:4)
  A wyvern skeleton (D:6)
  3 wights (D:6)
  2 howler monkeys
  A crimson imp (D:4)
  A bullfrog zombie (D:6)
  6 hounds
  A jelly (D:7)
  2 orc priests (D:4)
  3 orc wizards
  A centaur skeleton (D:4)
  2 iguanas
  2 worker ants
  A killer bee zombie (D:6)
  A hound skeleton (D:6)
  3 gnolls (D:4)
  12 adders
  8 river rats
  4 shadow imps
  An adder skeleton (D:6)
  2 adder zombies
  5 worms
  4 dart slugs
  6 leopard geckos
  21 orcs
  2 giant cockroaches
  11 hobgoblins
  3 jackals (D:2)
  6 quokkas
  3 ball pythons (Sewer)
  3 bats
  7 frilled lizards
  5 goblins
  2 goblin zombies (D:7)
  3 hobgoblin zombies (D:7)
  47 kobolds
  A kobold skeleton (D:7)
  2 kobold zombies (D:7)
  A leopard gecko skeleton (D:4)
  An orc skeleton (D:7)
  An orc zombie (D:7)
  27 rats
232 creatures vanquished.

Notes
Turn   | Place    | Note
-------+----------+-------------------------------------------
     0 | D:1      | Morbidden the Vine Stalker Archaeologist began the quest
                  | for the Orb.
     0 | D:1      | Reached XP level 1. HP: 9/9 MP: 2/2
   104 | D:1      | Reached skill level 1 in Fighting
   135 | D:1      | Reached XP level 2. HP: 14/14 MP: 1/3
   502 | D:1      | Reached XP level 3. HP: 18/18 MP: 5/5
   970 | D:2      | Reached skill level 1 in Spellcasting
  1173 | D:2      | Reached XP level 4. HP: 19/22 MP: 4/6
  1204 | D:2      | Reached skill level 1 in Short Blades
  1303 | D:2      | Found a snail-covered altar of Cheibriados.
  1305 | D:2      | Found a shimmering altar of Xom.
  1305 | D:2      | Found a glowing silver altar of Zin.
  1307 | D:2      | Found an iron altar of Okawaru.
  1307 | D:2      | Found a shimmering altar of Xom.
  1307 | D:2      | Found a blossoming altar of Fedhas.
  1743 | D:3      | Noticed an ogre
  1815 | D:4      | Reached skill level 1 in Long Blades
  1815 | D:4      | Reached skill level 5 in Stealth
  1815 | D:4      | Reached XP level 5. HP: 16/25 MP: 4/8
  1828 | D:4      | Reached skill level 2 in Short Blades
  1857 | D:4      | Reached XP level 6. HP: 18/30 MP: 9/9
  2021 | D:4      | Reached skill level 3 in Short Blades
  2104 | D:4      | Found a glowing drain.
  2109 | Sewer    | Entered a sewer
  2182 | Sewer    | Reached skill level 1 in Armour
  2599 | D:4      | Reached XP level 7. HP: 30/35 MP: 11/11
  2685 | D:4      | Noticed Eustachio
  2742 | D:4      | Killed Eustachio
  2900 | D:4      | Reached skill level 4 in Short Blades
  3100 | D:4      | Gained mutation: You have razor-sharp teeth. [Vine Stalker
                  | growth]
  3100 | D:4      | Reached XP level 8. HP: 27/40 MP: 8/13
  3518 | D:4      | Got a clouded brass ring
  3519 | D:4      | Identified the ring of Alud {+Fly rF+ Int-5 Dex+7 Slay+3}
                  | (You found it on level 4 of the Dungeon)
  3694 | D:5      | Entered Level 5 of the Dungeon
  3767 | D:5      | Reached skill level 5 in Short Blades
  3956 | D:5      | Found a staircase to the Ecumenical Temple.
  3971 | Temple   | Entered the Ecumenical Temple
  4130 | Temple   | Became a worshipper of Uskayaw the Reveler
  4218 | D:5      | Reached * piety under Uskayaw
  4294 | D:6      | Noticed Edmund
  4306 | D:6      | Reached ** piety under Uskayaw
  4326 | D:6      | Reached *** piety under Uskayaw
  4328 | D:6      | Reached **** piety under Uskayaw
  4331 | D:6      | Killed Edmund
  4411 | D:6      | Reached skill level 1 in Invocations
  4414 | D:6      | Reached XP level 9. HP: 39/45 MP: 15/15
  4421 | D:6      | Reached skill level 6 in Short Blades
  4706 | D:6      | Found Kogitenk's Food Shoppe.
  5127 | D:7      | Noticed Menkaure
  5139 | D:7      | Killed Menkaure
  5143 | D:7      | Found a glowing golden altar of the Shining One.
  5168 | D:7      | Reached ***** piety under Uskayaw
  5222 | D:7      | Killed from afar by an orc priest

Skill      XL: |  1  2  3  4  5  6  7  8  9 |
---------------+----------------------------+-----
Fighting       | 1 2 3 4 |  4.2
Spellcasting   | 1 2 3 4 |  4.1
Short Blades   | 1 2 3 4 5 6 |  6.7
Dodging        | 3 |  3.4
Long Blades    | 1 2 4 |  4.7
Stealth        | 5 |  5.7
Armour         | 1 2 3 |  3.7
Invocations    | 1 2 |  2.4

Action                   |  1- 3 |  4- 6 |  7- 9 || total
-------------------------+-------+-------+-------++-------
Melee: Unarmed           |    74 |       |       ||    74
       Bite              |    36 |    88 |   166 ||   290
       Dagger            |    95 |   405 |   500 ||  1000
Invok: Line Pass         |       |       |     4 ||     4
       Stomp             |       |       |     7 ||     7
  Use: Scroll            |     6 |     2 |     3 ||    11
       Potion            |       |     1 |       ||     1
 Stab: Sleeping          |    12 |       |       ||    12
       Paralysed         |       |       |    10 ||    10
       Confused          |       |       |     1 ||     1
  Eat: Chunk             |     1 |     5 |    10 ||    16
Armor: Robe              |    32 |     3 |       ||    35
       Chain mail        |       |   163 |   225 ||   388
       Plate armour      |       |       |    15 ||    15
Dodge: Dodged            |    81 |    88 |   135 ||   304
